 Dungeon Crawl Stone Soup version 0.30-a0-634-g8abc85282e (webtiles) character file.

Game seed: 10728279347309450994

347 Dirtsage the Changer (level 6, 0/45 HPs)
             Began as an Octopode Transmuter on Jan 14, 2023.
             Killed from afar by an acid dragon (19 damage)
             ... with a splash of acid
             ... on level 4 of the Dungeon.
             The game lasted 00:06:09 (3305 turns).

Dirtsage the Changer (Octopode Transmuter)          Turns: 3305, Time: 00:06:10

Health: 0/45       AC:  3    Str: 10    XL:     6   Next: 59%
Magic:  3/9        EV: 10    Int: 17    God:
Gold:   163        SH:  0    Dex: 12    Spells: 2/9 levels left

rFire   x . .      SeeInvis .      - Unarmed
rCold   + + +      Faith    .    (shield currently unavailable)
rNeg    . . .      Spirit   .    (helmet currently unavailable)
rPois   +          Reflect  .    f - amulet of regeneration
rElec   .          Harm     .    I - ring of protection from cold
rCorr   .          Rampage  .    P - ring of poison resistance
Will    .....                    (no ring)
Stlth   +                        (no ring)
HPRegen 1.07/turn                (no ring)
MPRegen 0.11/turn                (no ring)
                                 (no ring)
                                 (no ring)

@: ice-form (expiring), wereblooded, corroded, studying Unarmed Combat
A: freezing attack, boosted hp, almost no armour, amphibious, 8 rings, large,
(camouflage 1), (gelatinous body 1), (nimble swimmer 1), (tentacles)
a: End Transformation


You were on level 4 of the Dungeon.
You were a creature of crystalline ice.
You visited 1 branch of the dungeon, and saw 4 of its levels.

You collected 163 gold pieces.

Inventory:

Jewellery
 e - a ring of fire
 f - an amulet of regeneration (around neck)
 m - an amulet of guardian spirit
 I - a ring of protection from cold (left front paw)
 P - a ring of poison resistance (right front paw)
Wands
 c - a wand of flame (11)
 s - a wand of charming (2)
Scrolls
 d - a scroll of enchant weapon
 g - a scroll of fear
 k - a scroll of immolation
 n - a scroll of fog
 o - a scroll of noise
 t - a scroll of teleportation
 u - a scroll of brand weapon
Potions
 a - a potion of lignification
 b - 2 potions of brilliance {unknown}
 h - a potion of resistance {unknown}
 j - a potion of mutation {unknown}
 p - a potion of degeneration {unknown}
 q - a potion of curing
 r - a potion of heal wounds {unknown}


   Skills:
 - Level 1.0 Fighting
 - Level 2.0 Dodging
 - Level 3.0 Unarmed Combat
 - Level 2.0 Spellcasting
 * Level 4.9 Transmutations
 * Level 4.3 Ice Magic


You had 2 spell levels left.
You knew the following spells:

 Your Spells              Type           Power      Damage    Failure   Level
a - Beastly Appendage     Tmut           36%        N/A       2%          1
b - Wereblood             Tmut           18%        N/A       3%          2
c - Ice Form              Ice/Tmut       17%        N/A       28%         4

Your spell library contained the following spells:

 Spells                   Type           Power      Damage    Failure   Level
 Spider Form              Tmut/Pois      10%        N/A       22%         3
 Inner Flame              Hex/Fire       1%         N/A       50%         3
 Flame Wave               Conj/Fire      1%         2d4       88%         4
 Sticky Flame             Conj/Fire      1%         2d3       88%         4


Dungeon Overview and Level Annotations

Branches:
Dungeon (4/15)
 Temple: D:4-7

Altars:
Makhleb

Annotations:
D:3 1 runed translucent door, Crazy Yiuf


Innate Abilities, Weirdness & Mutations

You are a creature of crystalline ice.
You have a powerful freezing melee attack.
Your maximum health is increased.
Your armour is entirely melded.
You are incapable of wielding weapons or throwing items.
You cannot wear most types of armour.
You are amphibious.
You can wear up to eight rings at the same time.
((Your skin changes colour to match your surroundings (Stealth+).))
((Your rubbery body absorbs attacks. (AC +1, EV +1)))
((You are camouflaged when in or above water. (Stealth+)))
((You have tentacles for arms and can constrict up to eight enemies at once.))


Message History

The adder is severely wounded.
The adder bites you but does no damage.
You hit the adder. You freeze the adder.
You feel a bit better.
You kill the adder!
Health restored: 45 You punch the ball python!
The ball python seems to slow down.
You freeze the ball python.
You kill the ball python!
Your transformation is almost over.
The acid dragon closely misses you. The acid dragon claws you.
You see here a ball python corpse.
You take 1 damage, and have 44/45 hp.
You barely miss the acid dragon.
You howl as the wereblood boils in your veins!
The acid dragon barely misses you. The acid dragon claws you.
You take 3 damage, and have 41/45 hp.
You hit the acid dragon. You freeze the acid dragon.
The acid dragon is lightly wounded.
The acid dragon spits acid at you. The splash of acid hits you.
You hear a bark!
You take 5 damage, and have 36/45 hp.
You hit the acid dragon. You freeze the acid dragon.
The acid dragon is moderately wounded.
The acid dragon barely misses you. The acid dragon completely misses you.
You hit the acid dragon. You freeze the acid dragon.
The acid dragon is heavily wounded.
The acid dragon bites you. The acid dragon closely misses you.
You take 1 damage, and have 36/45 hp.
You barely miss the acid dragon.
The acid dragon is heavily wounded.
The acid dragon spits acid at you. The splash of acid hits you!!
The acid corrodes you!
You take 18 damage, and have 18/45 hp.
MASSIVE DAMAGE!!
You hit the acid dragon. You freeze the acid dragon.
The acid dragon is severely wounded.
You howl as the wereblood boils in your veins!
The acid dragon spits acid at you. The splash of acid hits you!!
You die...

.. ..# #.# #.#
###.# ..#.#
####.#.############
#....#..)).)...DY<#
#..#.#..###########
>...†...<.....#
.....)..#####.#
..#.D........
..#.....#####
..#.##### ..#.#
..#.#


You could see an acid dragon (catching breath).

Vanquished Creatures
  A scorpion (D:3)
  A hound (D:4)
  Ijyb (D:3)
  A gnoll bouda (D:4)
  An orc wizard (D:3)
  Natasha (D:3)
  5 gnolls (D:4)
  3 adders
  4 dart slugs
  9 orcs (D:3)
  5 ball pythons
  A bat (D:3)
  9 endoplasms
  3 giant cockroaches
  8 goblins
  5 hobgoblins
  3 jackals (D:3)
  3 quokkas
  2 frilled lizards (D:1)
  A kobold (D:1)
  4 rats
71 creatures vanquished.

Vanquished Creatures (others)
  9 plants (D:3)
9 creatures vanquished.

Grand Total: 80 creatures vanquished

Notes
Turn   | Place    | Note
-------+----------+-------------------------------------------
     0 | D:1      | Dirtsage the Octopode Transmuter began the quest for the
                  | Orb.
     0 | D:1      | Reached XP level 1. HP: 13/13 MP: 3/3
   356 | D:1      | Reached skill level 1 in Ice Magic
   356 | D:1      | Reached XP level 2. HP: 15/18 MP: 3/5
   467 | D:1      | Learned a level 2 spell: Wereblood
  1352 | D:2      | Reached XP level 3. HP: 23/23 MP: 6/6
  1960 | D:3      | Reached XP level 4. HP: 28/28 MP: 5/7
  2102 | D:3      | Noticed a scorpion
  2113 | D:3      | Learned a level 4 spell: Ice Form
  2134 | D:3      | Killed a scorpion
  2135 | D:3      | Reached XP level 5. HP: 33/33 MP: 1/8
  2289 | D:3      | Found a burning altar of Makhleb.
  2358 | D:3      | You fall into a shaft and drop 1 floor!
  2431 | D:3      | Found a faded altar of an unknown god.
  2474 | D:3      | Noticed Ijyb
  2506 | D:3      | Killed Ijyb
  2638 | D:3      | Found a runed translucent door.
  2639 | D:3      | Noticed Crazy Yiuf
  2707 | D:3      | Noticed Natasha
  2713 | D:3      | Killed Natasha
  2752 | D:3      | Reached XP level 6. HP: 36/38 MP: 1/9
  3280 | D:4      | Noticed an acid dragon
  3305 | D:4      | Killed from afar by an acid dragon

Illustrated notes

Levels and vault maps discovered:
D:1:      giann_bridges, layout_basic
D:2:      minmay_inner_zag, layout_loops_cross
D:3:      layout_loops_ring, bloody_makhleb,
          shapermc_ecumenical_altar_mp_ritualfount, kennysheep_path_1,
          grunt_ministairs_4, kennysheep_generic_room_12, uniq_natasha,
          uniq_crazy_yiuf_cottage, uniq_ijyb
D:4:      layout_basic

Skill      XL: |  1  2  3  4  5  6 |
---------------+-------------------+-----
Ice Magic      | 1 2 3 4 |  4.3
Transmutations | 3 4 |  4.9
Fighting       | |  1.0
Dodging        | |  2.0
Unarmed Combat | |  3.0
Spellcasting   | |  2.0

Action                   |  1- 3 |  4- 6 || total
-------------------------+-------+-------++-------
Melee: Unarmed           |    69 |   109 ||   178
       Constrict         |    15 |    15 ||    30
       Tentacles         |    15 |    12 ||    27
       Kick              |    19 |    12 ||    31
       Punch             |     2 |     2 ||     4
 Cast: Beastly Appendage |    17 |     7 ||    24
       Ice Form          |       |     5 ||     5
       Wereblood         |       |     5 ||     5
  Use: Potion            |       |     2 ||     2
       Scroll            |       |     8 ||     8
 Stab: Sleeping          |     6 |     3 ||     9
Armor: Skin              |     5 |    15 ||    20
Dodge: Dodged            |    30 |    47 ||    77

Table legend: (Time is in decaauts)
 A = Elapsed time spent in this place.
 B = Non-inter-level travel time spent in this place.
 C = Inter-level travel time spent in this place.
 D = Time resting spent in this place.
 E = Time spent auto-exploring this place.
 F = Levels seen in this place.
 G = Mean time per level.
                   A        B        C        D        E       F      G
               +--------+--------+--------+--------+--------+-----+--------+
         Total |   3292 |   3187 |    105 |      9 |   2560 |   4 |  823.0 |
       Dungeon |   3292 |   3187 |    105 |      9 |   2560 |   4 |  823.0 |
               +--------+--------+--------+--------+--------+-----+--------+

Top non-repeatable levels by time:
     D:1: 1174 daAuts
     D:3: 1166 daAuts
     D:2: 741 daAuts
     D:4: 210 daAuts
